 Dungeon Crawl Stone Soup version 0.22-a0-480-g991dd4b (webtiles) character file.

17 Gaball the Grave Robber (level 2, -1/20 HPs)
             Began as a Hill Orc Necromancer on June 16, 2018.
             Slain by an adder (2 damage)
             ... on level 2 of the Dungeon.
             The game lasted 00:02:10 (1031 turns).

Gaball the Grave Robber (Hill Orc Necromancer)      Turns: 1031, Time: 00:02:10

Health: -1/20      AC:  3    Str: 10    XL:     2   Next: 62%
Magic:  0/4        EV: 12    Int: 15    God:
Gold:   73         SH:  0    Dex: 11    Spells: 3/4 levels left

rFire    . . .     SeeInvis .   (no weapon)
rCold    . . .     Gourm    .   (no shield)
rNeg     . . .     Faith    .   a - +0 robe
rPois    .         Spirit   .   (no helmet)
rElec    .         Reflect  .   (no cloak)
rCorr    .         Harm     .   (no gloves)
MR       .....                  k - +0 pair of boots
Stlth    ++........             (no amulet)
HPRegen  0.06/turn              (no ring)
MPRegen  0.09/turn              (no ring)

@: lethally poisoned (-1 -> -11)
A: no striking features
a: no special abilities


You were on level 2 of the Dungeon.
You were very hungry.

You visited 1 branch of the dungeon, and saw 2 of its levels.

You collected 73 gold pieces.

Inventory:

Hand Weapons
 j - a +2 dagger of venom
Armour
 a - a +0 robe (worn)
 k - a +0 pair of boots (worn)
Jewellery
 g - an uncursed amulet of guardian spirit {unknown}
Scrolls
 e - a scroll of identify {unknown}
 l - a scroll of remove curse {unknown}
Potions
 d - a potion of resistance {unknown}
 f - a potion of might {unknown}
 h - a potion of experience {unknown}
 i - a potion of heal wounds {unknown}
Comestibles
 c - 2 rations


   Skills:
 - Level 1.5 Dodging
 - Level 1.5 Stealth
 + Level 1.8 Spellcasting
 + Level 4.5 Necromancy


You had 3 spell levels left.
You knew the following spells:

 Your Spells              Type           Power        Failure   Level  Hunger
a - Pain                  Necr           ###.         3%          1    ##.....

Your spell library contained the following spells:

 Spells                   Type           Power        Failure   Level  Hunger
 Animate Dead             Necr           N/A          34%         4    #####..
 Animate Skeleton         Necr           N/A          3%          1    ##.....
 Vampiric Draining        Necr           ###.......   11%         3    ####...
 Regeneration             Chrm/Necr      #.........   26%         3    ####...


Dungeon Overview and Level Annotations

Branches:
Dungeon (2/15)

Altars:


Message History

You are lethally poisoned!
The adder poisons you!
* * * LOW HITPOINT WARNING * * *
You feel sick. The bat closely misses you.
Really attack barehanded? [Y]es or [N]o only, please.
Really attack barehanded?
You hit the adder.
The adder is almost dead.
* * * LOW HITPOINT WARNING * * *
You feel sick. The bat closely misses you. The adder bites you.
* * * LOW HITPOINT WARNING * * *
You closely miss the adder.
The adder is almost dead.
* * * LOW HITPOINT WARNING * * *
You feel sick. The bat barely misses you. The adder closely misses you.
You completely miss the adder.
The adder is almost dead.
The adder bites you.
You die...

.....# ###.......
......####.........
#...<.<...........
...#...........%...
...................
...................
...###.............
## ####S##.......
#@b........
####....... .......
....... .... .


You could see an adder and a bat.

Vanquished Creatures
  A dart slug (D:1)
  3 bats (D:1)
  A goblin (D:1)
  4 hobgoblins (D:1)
  A frilled lizard (D:1)
  4 kobolds (D:1)
  2 rats (D:1)
16 creatures vanquished.

Notes
Turn   | Place    | Note
-------+----------+-------------------------------------------
     0 | D:1      | Gaball the Hill Orc Necromancer began the quest for the Orb.
     0 | D:1      | Reached XP level 1. HP: 14/14 MP: 3/3
   302 | D:1      | Reached XP level 2. HP: 18/20 MP: 1/4
  1030 | D:2      | HP: 1/20 [poisoned by an adder]
  1031 | D:2      | Slain by an adder

Vault maps used:
D:1:      sevenhm_arrival_forest_fort_large_4, minmay_stone_trees_small,
          kennysheep_minor_cross
D:2:      grunt_dithmenos_smoke_and_mirrors, wad_floor_pattern_1

Action                   || total
-------------------------++-------
Melee: Unarmed           ||     8
 Cast: Pain              ||    34
Armor: Robe              ||     6
Dodge: Dodged            ||    16

Table legend:
 A = Spawn XP
 B = Non-spawn XP
 C = Spawn XP percentage of total XP
 D = Spawn monster count
 E = Non-spawn monster count
 F = Spawn count percentage of total count
 G = Total turns spent on level
                    A         B        C        D         E        F      G
               +---------+---------+-------+---------+---------+-------+---------
         Total |       0 |      25 |   0.0 |       0 |      16 |   0.0 |  1031
               +---------+---------+-------+---------+---------+-------+---------
           D:1 |       0 |      25 |   0.0 |       0 |      16 |   0.0 |  1014
               +---------+---------+-------+---------+---------+-------+---------
